 Dungeon Crawl Stone Soup version 0.20.1-1-g8b1a95d (webtiles) character file.

4783 iopi the Cleaver (level 10, -1/91 HPs)
             Began as a Minotaur Berserker on Oct 23, 2017.
             Was an Elder of Trog.
             Slain by an unseen horror (9 damage)
             ... on level 8 of the Dungeon.
             The game lasted 01:34:22 (10475 turns).

iopi the Cleaver (Minotaur Berserker)              Turns: 10475, Time: 01:34:23

Health: -1/91      AC: 10    Str: 22    XL:     10   Next: 23%
Magic:  9/9        EV: 10    Int:  4    God:    Trog [****..]
Gold:   498        SH:  0    Dex: 13    Spells: 9/9 levels left

rFire    . . .     SeeInvis +   d - +1 battleaxe
rCold    . . .     Gourm    .   (shield currently unavailable)
rNeg     . . .     Faith    .   s - +2 scale mail
rPois    .         Spirit   .   (helmet restricted)
rElec    .         Reflect  .   (no cloak)
rCorr    .         Harm     .   g - +0 pair of gloves
MR       ++...                  (no boots)
Stlth    ..........             (no amulet)
Regen    1.3/turn               (no ring)
MPRegen  0.2/turn               (no ring)

@: regenerating, heavily drained
A: retaliatory headbutt, fangs 1, horns 2, talons 1, see invisible
a: Berserk, Trog's Hand, Brothers in Arms, Burn Spellbooks, Renounce Religion


You were on level 8 of the Dungeon.
You worshipped Trog.
Trog was greatly pleased with you.
You were not hungry.

You visited 2 branches of the dungeon, and saw 9 of its levels.
You also visited: Ossuary.

You collected 659 gold pieces.
You spent 161 gold pieces at shops.

Inventory:

Hand Weapons
 d - a +1 battleaxe (weapon)
 h - a cursed -1 whip
 y - a +0 shortbow
Missiles
 A - 87 arrows
Armour
 b - a +2 animal skin
 g - a +0 pair of gloves (worn)
 s - a +2 scale mail (worn)
 x - a +0 pair of boots
 D - a +0 plate armour
Wands
 c - a wand of random effects (22/48)
 u - a wand of lightning (2/15)
 z - a wand of digging (17/24)
Scrolls
 a - a scroll of recharging
 f - 4 scrolls of teleportation
 m - 7 scrolls of remove curse
 q - a scroll of fog
 r - 3 scrolls of fear
Potions
 i - a potion of lignification {unknown}
 l - a potion of haste {unknown}
 n - 3 potions of agility
 o - a potion of flight
 p - 2 potions of ambrosia
 t - a potion of berserk rage {unknown}
 v - 2 potions of brilliance {unknown}
Comestibles
 k - 3 fruits
 w - 3 royal jellies


   Skills:
 + Level 9.4(6.4) Fighting
 + Level 12.1(8.8) Axes
 + Level 2.0(0.0) Bows
 + Level 8.9(5.9) Armour
 + Level 4.3(1.7) Dodging
 + Level 2.4(0.0) Stealth


You had 9 spell levels left.
You didn't know any spells.

Dungeon Overview and Level Annotations

Branches:
Dungeon (8/15)             Temple (1/1) D:6
   Lair: D:8-11

Altars:
Dithmenos
Elyvilon
Fedhas
Gozag
Hepliaklqana
Kikubaaqudgha
Makhleb
Nemelex Xobeh
Okawaru
Qazlal
Ru
Sif Muna
Trog
Uskayaw
Vehumet
Xom
Zin
The Shining One
Lugonu

Shops:
D:5 ?


Innate Abilities, Weirdness & Mutations

You reflexively headbutt those who attack you in melee.
You have a pair of horns on your head.
You have very sharp teeth.
You have sharp toenails.
You have supernaturally acute eyesight. (SInv)


Message History

The unseen horror hits you but does no damage.
You closely miss the unseen horror. You claw the unseen horror!
You bite the unseen horror, but do no damage.
The unseen horror is moderately wounded.
The unseen horror barely misses you.
The centaur shoots an arrow.
The arrow hits you but does no damage. The unseen horror hits you.
* * * LOW HITPOINT WARNING * * *
The unseen horror hits you.
* * * LOW HITPOINT WARNING * * *
The unseen horror hits you but does no damage.
The unseen horror hits you.
* * * LOW HITPOINT WARNING * * *
The centaur unwields an uncursed shortbow.
The centaur hits you but does no damage.
The unseen horror hits you but does no damage.
The unseen horror hits you.
* * * LOW HITPOINT WARNING * * *
The unseen horror hits you!
You die...

## ####### ...#.....##
.[.....(((## ........(..#
.....(((...#
...........### #######
.............###....(#####
............cx@..........#
...........#####.........#
(..........(.##..=..#.
...#.....)).....##..#
#####.#####...####.## #.
###...##..# #. ..#####.#
#### #.# #.#


You could see an unseen horror (invisible) and a centaur.

Vanquished Creatures
  Pikel (D:6)
  Joseph (D:8)
  Prince Ribbit (D:6)
  Eustachio (D:6)
  A water moccasin (D:7)
  2 black bears (D:8)
  An ice beast (D:6)
  3 orc warriors
  A sky beast (D:5)
  5 ogres
  3 centaurs
  Blork the orc (D:6)
  6 bullfrogs
  A scorpion (D:5)
  10 killer bees (D:7)
  3 crimson imps
  3 howler monkeys
  A jelly (D:7)
  An orc priest (D:6)
  5 hounds
  2 iguanas
  2 bullfrog skeletons
  2 centaur skeletons
  6 orc wizards
  7 worker ants
  A hound zombie (D:8)
  8 mummies (Ossuary)
  2 worker ant zombies
  13 adders
  4 gnolls (D:5)
  A shadow imp (D:7)
  An adder zombie (D:6)
  6 worms
  A dart slug (D:1)
  8 leopard geckos
  16 orcs
  3 ball pythons
  11 bats
  7 giant cockroaches
  8 goblins
  7 hobgoblins
  7 jackals
  A quokka (D:7)
  2 frilled lizards (D:1)
  A giant cockroach zombie (D:5)
  A gnoll zombie (Ossuary)
  3 hobgoblin zombies (Ossuary)
  9 kobolds
  2 kobold zombies (Ossuary)
  2 orc zombies (Ossuary)
  8 rats
  4 bushes (D:8)
  2 demonic plants (Temple)
  A plant (D:1)
210 creatures vanquished.

Vanquished Creatures (others)
  3 slaves (D:6)
  A phantom (D:6)
  A hound (D:6)
  An iguana (D:6)
  A worker ant (D:6)
  An adder (D:6)
  An adder skeleton (D:6)
  A quokka zombie (D:6)
10 creatures vanquished.

Grand Total: 220 creatures vanquished

Notes
Turn   | Place    | Note
-------+----------+-------------------------------------------
     0 | D:1      | iopi the Minotaur Berserker began the quest for the Orb.
     0 | D:1      | Reached XP level 1. HP: 19/19 MP: 0/0
   163 | D:1      | Reached XP level 2. HP: 10/27 MP: 1/1
   948 | D:1      | Reached skill level 4 in Axes
  1274 | D:1      | Reached XP level 3. HP: 32/33 MP: 2/2
  1477 | D:2      | Found a blossoming altar of Fedhas.
  1567 | D:2      | Reached ** piety under Trog
  1859 | D:2      | Found a burning altar of Makhleb.
  2043 | D:2      | Gained mutation: You are dopey. (Int -2) [potion of mutation]
  2043 | D:2      | Gained mutation: You are robust. (+10% HP) [potion of mutation]
  2043 | D:2      | Gained mutation: You have very sharp teeth. [potion of mutation]
  2111 | D:3      | Found a glowing golden altar of the Shining One.
  2123 | D:3      | Reached XP level 4. HP: 41/45 MP: 3/3
  3409 | D:3      | Reached skill level 5 in Axes
  3409 | D:3      | Reached XP level 5. HP: 48/51 MP: 4/4
  3516 | D:3      | Found a hazy altar of Hepliaklqana.
  4297 | D:4      | Found a hide-covered altar of Uskayaw.
  4385 | D:4      | Reached *** piety under Trog
  4654 | D:4      | Got a colourful robe
  4978 | D:4      | Reached skill level 5 in Fighting
  5088 | D:4      | Reached XP level 6. HP: 54/61 MP: 5/5
  5148 | D:5      | Entered Level 5 of the Dungeon
  5172 | D:5      | Found Desoaxzo's Magic Scroll Emporium.
  5201 | D:5      | Reached skill level 6 in Axes
  5329 | D:5      | Reached skill level 1 in Stealth
  5547 | D:5      | Reached XP level 7. HP: 63/67 MP: 6/6
  5559 | D:5      | Reached skill level 5 in Armour
  6008 | D:5      | Reached skill level 7 in Axes
  6020 | D:5      | Gained mutation: You have supernaturally acute eyesight. (SInv) [mutagenic meat]
  6021 | D:5      | Gained mutation: You have sharp toenails. [mutagenic meat]
  6022 | D:5      | Lost mutation: You are dopey. (Int -2) [mutagenic meat]
  6023 | D:5      | Lost mutation: You are robust. (+10% HP) [mutagenic meat]
  6531 | D:5      | Bought 2 scrolls of identify for 56 gold pieces
  6531 | D:5      | Bought a scroll of enchant armour for 105 gold pieces
  6759 | D:6      | Noticed Prince Ribbit
  6783 | D:6      | Reached XP level 8. HP: 35/70 MP: 7/7
  6806 | D:6      | Killed Prince Ribbit
  6806 | D:6      | Reached skill level 8 in Axes
  7042 | D:6      | Noticed Pikel
  7045 | D:6      | Noticed Eustachio
  7048 | D:6      | Killed Pikel
  7048 | D:6      | Reached skill level 9 in Axes
  7067 | D:6      | Noticed Blork the orc
  7073 | D:6      | Killed Blork the orc
  7105 | D:6      | Killed Eustachio
  7105 | D:6      | Reached XP level 9. HP: 55/79 MP: 8/8
  7166 | D:6      | Reached skill level 10 in Axes
  7194 | D:6      | Found a sand-covered staircase.
  7242 | Ossuary  | Entered an ossuary
  7666 | D:6      | Found an iron altar of Okawaru.
  8151 | D:6      | Found a glowing silver altar of Zin.
  8237 | D:6      | Found a staircase to the Ecumenical Temple.
  8265 | Temple   | Entered the Ecumenical Temple
  8421 | D:6      | Found a sacrificial altar of Ru.
  8787 | D:7      | Reached skill level 11 in Axes
  9374 | D:7      | Reached **** piety under Trog
  9887 | D:8      | Reached XP level 10. HP: 82/91 MP: 9/9
 10001 | D:8      | Found a bloodstained altar of Trog.
 10086 | D:8      | Reached skill level 1 in Bows
 10096 | D:8      | Noticed Joseph
 10121 | D:8      | HP: 3/91 [Joseph/uncursed quarterstaff of draining (2)]
 10125 | D:8      | Killed Joseph
 10125 | D:8      | Reached skill level 12 in Axes
 10456 | D:8      | Noticed an unseen horror
 10475 | D:8      | Slain by an unseen horror

Skill      XL: |  1  2  3  4  5  6  7  8  9 10 |
---------------+-------------------------------+-----
Fighting       | 4 5 6 7 9 |  9.4
Axes           | 4 5 6 7 9 11 12 | 12.1
Armour         | 3 4 5 7 8 |  8.9
Dodging        | 3 4 |  4.3
Stealth        | 1 2 |  2.4
Bows           | 2 |  2.0

Action                   |  1- 3 |  4- 6 |  7- 9 | 10-12 || total
-------------------------+-------+-------+-------+-------++-------
Melee: Hand axe          |   153 |    11 |       |       ||   164
       Headbutt          |    27 |    14 |    54 |    30 ||   125
       War axe           |       |    97 |   115 |       ||   212
       Bite              |       |    12 |    18 |    15 ||    45
       Kick              |       |       |    59 |    49 ||   108
       Battleaxe         |       |       |   109 |    96 ||   205
 Fire: Shortbow          |       |       |     4 |    14 ||    18
Invok: Trog's Hand       |       |     1 |     8 |     3 ||    12
       Berserk           |       |     1 |     3 |       ||     4
  Use: Scroll            |     7 |     5 |    14 |     4 ||    30
       Potion            |     1 |       |     3 |     2 ||     6
  Eat: Bread ration      |     1 |       |     3 |       ||     4
       Meat ration       |       |     3 |     1 |       ||     4
       Chunk             |       |       |     4 |       ||     4
       Fruit             |       |       |       |     1 ||     1
Armor: Animal skin       |    10 |       |       |       ||    10
       Ring mail         |    19 |    31 |       |       ||    50
       Scale mail        |       |    12 |    86 |    34 ||   132
Dodge: Dodged            |    62 |    85 |   178 |    41 ||   366
